 Dungeon Crawl Stone Soup version 0.26.1-11-gd32895ea62 (webtiles) character file.

Game seed: 14091536271158478100

1240 Zeld the Cleaver (level 8, -4/64 HPs)
             Began as a Minotaur Berserker on June 1, 2021.
             Was a Priest of Trog.
             Killed from afar by an electric eel (11 damage)
             ... with a bolt of electricity
             ... on level 5 of the Dungeon.
             The game lasted 00:05:12 (8322 turns).

Zeld the Cleaver (Minotaur Berserker)               Turns: 8322, Time: 00:05:12

Health: -4/64      AC:  3    Str: 25    XL:     8   Next: 25%
Magic:  7/7        EV: 12    Int:  4    God:    Trog [***...]
Gold:   310        SH:  0    Dex:  9    Spells: 7/7 levels left

rFire    . . .     SeeInvis .   a - +0 hand axe
rCold    . . .     Faith    .   (no shield)
rNeg     . . .     Spirit   .   (no armour)
rPois    .         Reflect  .   e - +2 hat
rElec    .         Harm     .   s - +0 cloak
rCorr    .         Rampage  .   (no gloves)
Will     ++...                  (no boots)
Stlth    +.........             (no amulet)
HPRegen  1.20/turn              (no ring)
MPRegen  0.10/turn              (no ring)

@: berserk cooldown, regenerating, slowed, very slow
A: retaliatory headbutt, horns 2
a: Renounce Religion, Berserk, Trog's Hand


You were on level 5 of the Dungeon.
You worshipped Trog.
Trog was most pleased with you.
You visited 1 branch of the dungeon, and saw 5 of its levels.

You collected 310 gold pieces.

Inventory:

Hand Weapons
 a - a +0 hand axe (weapon)
Armour
 e - a +2 hat (worn)
 s - a +0 cloak (worn)
Wands
 g - a wand of acid (1)
Scrolls
 b - 2 scrolls of remove curse {unknown}
 c - 8 scrolls of identify {unknown}
 d - 2 scrolls of teleportation {unknown}
 k - 2 scrolls of noise {unknown}
 l - a scroll of immolation {unknown}
 m - 2 scrolls of magic mapping {unknown}
 n - 2 scrolls of enchant armour {unknown}
 r - 3 scrolls of enchant weapon {unknown}
 u - a scroll of blinking {unknown}
 v - a scroll of fog {unknown}
 w - a scroll of amnesia {unknown}
Potions
 f - a potion of ambrosia {unknown}
 h - a potion of might {unknown}
 i - 2 potions of brilliance {unknown}
 j - 2 potions of resistance {unknown}
 o - a potion of lignification {unknown}
 p - a potion of curing {unknown}
 q - a potion of heal wounds {unknown}
 t - a potion of cancellation {unknown}


   Skills:
 - Level 3.6 Fighting
 * Level 12.1 Axes
 - Level 2.4 Armour
 - Level 2.1 Dodging


You had 7 spell levels left.
You didn't know any spells.
Your spell library was empty.

Dungeon Overview and Level Annotations

Branches:
Dungeon (5/15)
 Temple: D:4-7

Altars:
Gozag
Kikubaaqudgha
Makhleb
Okawaru
Qazlal
Sif Muna
Vehumet
Wu Jian
Xom


Innate Abilities, Weirdness & Mutations

You reflexively headbutt those who attack you in melee.
You have a pair of horns on your head.


Message History

There is an open door here.
You are too injured to fight recklessly!
You are too injured to fight recklessly!
Unknown command.
You are too injured to fight recklessly!
You are too injured to fight recklessly!
You slam the door shut with a bang!
You feel your anger nearly subside.
The door flies open with a bang!
You are no longer berserk.
You are exhausted.
You feel yourself slow down.
The electric eel shoots out a bolt of lightning at you!
The bolt of electricity misses you. The bolt of electricity hits you!
* * * LOW HITPOINT WARNING * * *
The electric eel shoots out a bolt of lightning at you!
The bolt of electricity hits the plant.
The bolt of electricity hits you!
* * * LOW HITPOINT WARNING * * *
The bolt of electricity hits you!
You die...

.........#.#≈≈.≈....#≈# #.#
.####.####[#≈≈.≈...'#.### ##.#
.# #..###≈##≈[....#..#.# #..#
.## ##.##≈##########≈##.###.##
..# #.#≈##≈$≈...##≈≈##...#.#
#.## #.#.#≈;$PP...#≈#####.#.#
#..#
#.#.#≈.?P....#≈#####...#####
##.#
#.#.#≈≈;P≈..'#.##...........
#.#
#.#'##;?.≈.@#..#.....##:.###
##.####...########.##...(....##
..........).)....###..###.####
.##.....##............###.#
............####........#.###
###.....###.#
#......#.....##### # #...###
#.#######...####......# # #...#
##.#≈≈≈≈≈#...# ###..... #
########..#≈#.#≈#...# #....†


You could see 3 electric eels.

Vanquished Creatures
  A komodo dragon (D:5)
  An ogre (D:4)
  A phantom (D:5)
  A killer bee (D:5)
  3 electric eels (D:5)
  A howler monkey (D:4)
  4 hounds
  5 worker ants
  An iguana (D:5)
  A worker ant zombie (D:3)
  11 gnolls
  12 adders
  A shadow imp (D:5)
  3 white imps (D:5)
  An ufetubus (D:5)
  An adder skeleton (D:5)
  4 worms
  A dart slug (D:1)
  3 leopard geckos
  6 orcs
  12 giant cockroaches
  7 goblins
  6 hobgoblins
  3 jackals (D:3)
  5 quokkas
  A ball python (D:3)
  7 bats
  5 frilled lizards
  3 kobolds
  A leopard gecko zombie (D:5)
  3 rats
115 creatures vanquished.

Vanquished Creatures (others)
  3 plants (D:5)
3 creatures vanquished.

Grand Total: 118 creatures vanquished

Notes
Turn   | Place    | Note
-------+----------+-------------------------------------------
     0 | D:1      | Zeld the Minotaur Berserker began the quest for the Orb.
     0 | D:1      | Reached XP level 1. HP: 19/19 MP: 0/0
   195 | D:1      | Reached skill level 4 in Axes
   288 | D:1      | Reached XP level 2. HP: 26/26 MP: 1/1
   955 | D:1      | Reached skill level 5 in Axes
  1049 | D:2      | Reached XP level 3. HP: 26/31 MP: 2/2
  1381 | D:2      | Reached skill level 6 in Axes
  1381 | D:2      | Reached XP level 4. HP: 38/39 MP: 3/3
  1447 | D:2      | Reached ** piety under Trog
  1722 | D:2      | Found an ancient bone altar of Kikubaaqudgha.
  1726 | D:2      | Found a shimmering blue altar of Sif Muna.
  1728 | D:2      | Found a radiant altar of Vehumet.
  1862 | D:2      | Found an ornate altar of the Wu Jian Council.
  2098 | D:3      | Reached skill level 7 in Axes
  2098 | D:3      | Reached XP level 5. HP: 6/45 MP: 4/4
  2099 | D:3      | HP: 3/67 [gnoll/+0 flail (4)]
  2963 | D:3      | Found a burning altar of Makhleb.
  2963 | D:3      | Noticed a green death
  3147 | D:3      | Reached *** piety under Trog
  3148 | D:3      | Reached skill level 8 in Axes
  3245 | D:3      | Found a shimmering altar of Xom.
  3520 | D:4      | You fall into a shaft and drop 1 floor!
  3520 | D:5      | Entered Level 5 of the Dungeon
  3531 | D:5      | Reached XP level 6. HP: 15/50 MP: 5/5
  3834 | D:5      | Noticed a komodo dragon
  3842 | D:5      | Killed a komodo dragon
  3843 | D:5      | Reached skill level 9 in Axes
  3843 | D:5      | Reached XP level 7. HP: 41/57 MP: 6/6
  4196 | D:5      | Reached skill level 10 in Axes
  5512 | D:4      | Found a stormy altar of Qazlal.
  5707 | D:4      | Found an opulent altar of Gozag.
  5839 | D:4      | Reached skill level 11 in Axes
  6375 | D:5      | Reached XP level 8. HP: 64/64 MP: 7/7
  6696 | D:5      | Found an iron altar of Okawaru.
  7776 | D:5      | Reached skill level 12 in Axes
  8322 | D:5      | Killed from afar by an electric eel

Illustrated notes

Levels and vault maps discovered:
D:1:      dpeg_arrival_simpleton_c, layout_basic
D:2:      layout_rooms, grunt_temple_overflow_magic_moments,
          nzn_wu_jian_contemplation, small_statue_intersection
D:3:      layout_basic, makhleb_altar_promises_db, tgw_xom
D:4:      layout_basic, nicolae_overflow_crystal_walls,
          nicolae_qazlal_eye_of_the_storm, serial_co_window_serial,
          co_window_paths_a, co_window_of_opportunity_a, co_window_corner_a,
          co_window_paths_a, co_window_of_opportunity_a, co_window_broadway_c,
          co_window_unsneaky_path_a, co_window_broadway_a, glass_columns_a,
          glass_columns_b, glass_columns_b, glass_columns_a, glass_columns_a
D:5:      cheibrodos_two_vegetables, layout_rooms, kennysheep_little_box,
          zin_treasury

Skill      XL: |  1  2  3  4  5  6  7  8 |
---------------+-------------------------+-----
Axes           | 4 5 6 7 8 9 11 12 | 12.1
Fighting       | |  3.6
Armour         | |  2.4
Dodging        | |  2.1

Action                   |  1- 3 |  4- 6 |  7- 9 || total
-------------------------+-------+-------+-------++-------
Melee: Hand axe          |    65 |   117 |   121 ||   303
       Headbutt          |    10 |    14 |    20 ||    44
Invok: Berserk           |     1 |     4 |     4 ||     9
       Trog's Hand       |       |       |     1 ||     1
Evoke: Wand              |       |       |     6 ||     6
 Stab: Sleeping          |     1 |       |       ||     1
Armor: Skin              |     2 |    13 |     9 ||    24
Dodge: Dodged            |    32 |    69 |    60 ||   161
